 Dungeon Crawl Stone Soup version 0.27-a0-1591-gc56fcc985a (webtiles) character file.

Game seed: 9748944890517679003

198 Majang the Slasher (level 5, -1/32 HPs)
             Began as a Tengu Gladiator on July 19, 2021.
             Killed by nerve-wracking pain
             ... invoked by an orc priest
              (13 damage)
             ... on level 4 of the Dungeon.
             The game lasted 00:11:17 (3330 turns).

Majang the Slasher (Tengu Gladiator)                Turns: 3330, Time: 00:11:18

Health: -1/32      AC:  3    Str: 15    XL:     5   Next: 77%
Magic:  6/6        EV: 15    Int:  9    God:
Gold:   41         SH:  5    Dex: 15    Spells: 4/4 levels left

rFire    . . .     SeeInvis .   a - +1 long sword
rCold    . . .     Faith    .   (no shield)
rNeg     . . .     Spirit   .   b - +0 leather armour
rPois    .         Reflect  +   c - +0 hat
rElec    .         Harm     .   (no cloak)
rCorr    .         Rampage  .   (no gloves)
Will     .....                  (boots unavailable)
Stlth    +.........             h - amulet of reflection
HPRegen  0.10/turn              p - ring of wizardry
MPRegen  0.10/turn              (no ring)

@: flying quickly and evasively, quick
A: beak, talons 3, nimble flight
a: no special abilities


You were on level 4 of the Dungeon.
You visited 1 branch of the dungeon, and saw 4 of its levels.

You collected 41 gold pieces.

Inventory:

Hand Weapons
 a - a +1 long sword (weapon)
Missiles
 d - 2 throwing nets (quivered)
 r - 14 poisoned darts
Armour
 b - a +0 leather armour (worn)
 c - a +0 hat (worn)
 g - a +0 buckler
Jewellery
 h - an amulet of reflection (around neck)
 p - a ring of wizardry (left hand)
Wands
 n - a wand of paralysis (6)
Potions
 f - a potion of lignification
 i - a potion of curing {unknown}
 k - a potion of invisibility {unknown}
 l - a potion of ambrosia {unknown}
 o - a potion of heal wounds
 q - 2 potions of berserk rage {unknown}
 u - a potion of flight {unknown}
 v - a potion of mutation {unknown}


   Skills:
 + Level 3.2 Fighting
 * Level 5.3 Long Blades
 + Level 2.4 Throwing
 + Level 1.0 Armour
 + Level 3.5 Dodging
 + Level 0.4 Stealth
 + Level 0.9 Shields


You had 4 spell levels left.
You didn't know any spells.
Your spell library contained the following spells:

 Spells                   Type           Power      Damage    Failure   Level
 Pain                     Necr           0%         1d4       21%         1
 Sandblast                Erth           0%         2d4       21%         1
 Passwall                 Tmut/Erth      0%         N/A       28%         2
 Inner Flame              Hex/Fire       0%         N/A       50%         3
 Stone Arrow              Conj/Erth      0%         3d7       50%         3
 Tukima's Dance           Hex            0%         N/A       50%         3
 Animate Armour           Summ/Erth      0%         N/A       86%         4
 Cause Fear               Hex            0%         N/A       86%         4
 Olgreb's Toxic Radiance  Pois           0%         N/A       86%         4
 Passage of Golubria      Tloc           N/A        N/A       86%         4
 Agony                    Necr           0%         N/A       99%         5
 Excruciating Wounds      Necr           0%         N/A       99%         5
 Lee's Rapid Deconstruct  Erth           0%         3d5*      99%         5
 Yara's Violent Unravell  Hex/Tmut       0%         3d3       99%         5
 Ozocubu's Refrigeration  Ice            0%         4d5       100%        7
 Discord                  Hex            0%         N/A       100%        8
 Ignition                 Fire           0%         3d3       100%        8
 Lehudib's Crystal Spear  Conj/Erth      0%         10d2      100%        8


Dungeon Overview and Level Annotations

Branches:
Dungeon (4/15)
 Temple: D:4-7

Altars:
Makhleb

Annotations:
D:3 2 transporters, Mitsuki's ghost, amateur SpDe


Innate Abilities, Weirdness & Mutations

You have a beak for a mouth.
You have claws for feet.
Your magical nature lets you fly swiftly and evasively.


Message History

As you read the scroll labelled ZUULAE KEAM, it crumbles to dust.
Magic quickly surges around you.
It was a scroll of vulnerability.
A ball python comes into view.
The ball python hisses angrily.
The ball python bites you but does no damage.
The ball python closely misses you.
You hit the ball python but do no damage.
Your kick misses the ball python. You peck the ball python.
The ball python is severely wounded.
The ball python bites you. The ball python closely misses you.
The ball python misses you.
You riposte.
You closely miss the ball python.
The ball python is severely wounded.
The ball python misses you.
You barely miss the ball python.
The ball python is severely wounded.
The ball python misses you.
You riposte.
You hit the ball python.
You kill the ball python!
An orc comes into view. It is wielding a +0 falchion.
The orc shouts!
You hear a shout!
You hear the rapid rusting of a distant drain.
The orc throws a stone.
You reflect the stone off an invisible shield around you!
The stone barely misses the orc.
An orc priest comes into view. It is wielding a +0 flail.
You barely miss the orc.
The orc priest shouts!
You claw the orc. You peck the orc.
You kill the orc!
You hear a shout!
The orc priest calls down the wrath of Beogh upon you.
Beogh smites you!
You start resting.
An orc priest is nearby!
You feel your willpower return.
The orc priest hits you with a +0 flail.
You slash the orc priest!
The orc priest is heavily wounded.
The orc priest invokes the aid of Beogh against you.
Pain shoots through your body!
You die...

#.. #.# #.# #.# #########
#.# #........ #.# #.#
#####.##########@######..
.................o)......
#####.##########.######.#
#.# #.# #.# #.# #.# #.#
#.# #.# #####.# #..
......# ###


You could see an orc priest.

Vanquished Creatures
  2 orc wizards
  A howler monkey skeleton (D:3)
  4 gnolls
  2 adders
  2 worms
  A dart slug (D:1)
  7 orcs
  9 ball pythons
  4 endoplasms
  6 giant cockroaches
  11 goblins
  6 hobgoblins
  5 jackals
  3 quokkas
  2 bats (D:2)
  3 frilled lizards
  7 kobolds
  9 rats
84 creatures vanquished.

Vanquished Creatures (others)
  An orc priest (D:2)
  An orc wizard (D:2)
  An orc (D:2)
  A bat (D:2)
4 creatures vanquished.

Grand Total: 88 creatures vanquished

Notes
Turn   | Place    | Note
-------+----------+-------------------------------------------
     0 | D:1      | Majang the Tengu Gladiator began the quest for the Orb.
     0 | D:1      | Reached XP level 1. HP: 12/12 MP: 2/2
   164 | D:1      | Reached XP level 2. HP: 17/17 MP: 3/3
   330 | D:1      | Reached skill level 4 in Long Blades
   412 | D:1      | Reached XP level 3. HP: 21/22 MP: 4/4
  1001 | D:2      | Reached XP level 4. HP: 27/27 MP: 5/5
  1774 | D:3      | Reached skill level 5 in Long Blades
  1822 | D:3      | Found a transporter.
  2006 | D:3      | Gained mutation: Your magical nature lets you fly swiftly
                  | and evasively. [Tengu growth]
  2006 | D:3      | Reached XP level 5. HP: 31/32 MP: 6/6
  2008 | D:3      | Found a burning altar of Makhleb.
  2288 | D:3      | Found a transporter.
  2288 | D:3      | Noticed Mitsuki's ghost (amateur SpDe)
  3022 | D:3      | Reached skill level 1 in Armour
  3330 | D:4      | Killed from afar by an orc priest

Illustrated notes

Levels and vault maps discovered:
D:1:      shiori_arrival_elements, layout_rooms
D:2:      minmay_skewed_foursquare, layout_loops_ring,
          hangedman_decor_diamond_cutter, lemuel_flame_loot_1
D:3:      layout_loops_corners, mainiacjoe_overflow_chevrons,
          gammafunk_ghost_arena
D:4:      layout_basic, temple_pool_b, gup_sewer_entry_spiral, uniq_duvessa

Skill      XL: |  1  2  3  4  5 |
---------------+----------------+-----
Long Blades    | 4 5 |  5.3
Fighting       | 3 |  3.2
Armour         | 1 |  1.0
Throwing       | |  2.4
Dodging        | |  3.5
Stealth        | |  0.4
Shields        | |  0.9

Action                   |  1- 3 |  4- 6 || total
-------------------------+-------+-------++-------
Melee: Long sword        |    56 |   106 ||   162
       Kick              |    16 |    28 ||    44
       Peck              |     6 |    17 ||    23
Throw: Throwing net      |     1 |     1 ||     2
  Use: Potion            |       |     2 ||     2
       Scroll            |       |     5 ||     5
 Stab: Sleeping          |     3 |     1 ||     4
Armor: Leather armour    |    10 |    10 ||    20
       Skin              |       |     5 ||     5
Dodge: Dodged            |    28 |    51 ||    79
Block: Other             |       |    21 ||    21
       Reflection        |       |     2 ||     2
       Rpst.: Long sword |     9 |    18 ||    27

Table legend: (Time is in decaauts)
 A = Elapsed time spent in this place.
 B = Non-inter-level travel time spent in this place.
 C = Inter-level travel time spent in this place.
 D = Time resting spent in this place.
 E = Time spent auto-exploring this place.
 F = Levels seen in this place.
 G = Mean time per level.
                   A        B        C        D        E       F      G
               +--------+--------+--------+--------+--------+-----+--------+
         Total |   3283 |   3175 |    108 |    774 |   1734 |   4 |  820.8 |
       Dungeon |   3283 |   3175 |    108 |    774 |   1734 |   4 |  820.8 |
               +--------+--------+--------+--------+--------+-----+--------+

Top non-repeatable levels by time:
     D:3: 1438 daAuts
     D:2: 1037 daAuts
     D:1: 674 daAuts
     D:4: 133 daAuts
